 Dungeon Crawl Stone Soup version 0.27.1-33-g824d729ab1 (webtiles) character file.

Game seed: 1688882784981123552

76 pkoi the Ruffian (level 4, 0/36 HPs)
             Began as a Draconian Gladiator on Nov 30, 2021.
             Succumbed to a kobold's poison
             ... on level 2 of the Dungeon.
             The game lasted 00:02:02 (2604 turns).

pkoi the Ruffian (Draconian Gladiator)              Turns: 2604, Time: 00:02:03

Health: 0/36       AC:  5    Str: 15 (17) XL:     4   Next: 12%
Magic:  4/4        EV: 12    Int:  7 (9)  God:
Gold:   48         SH:  0    Dex:  9 (12) Spells: 3/3 levels left

rFire    . . .     SeeInvis .     - Unarmed
rCold    . . .     Faith    .   (no shield)
rNeg     . . .     Spirit   .   (armour unavailable)
rPois    .         Reflect  .   a - +0 hat
rElec    .         Harm     .   (no cloak)
rCorr    .         Rampage  .   (no gloves)
Will     .....                  (no boots)
Stlth    +.........             (no amulet)
HPRegen  0.12/turn              (no ring)
MPRegen  0.09/turn              (no ring)

@: lethally poisoned (0 -> -5)
A: AC +5, unfitting armour, cold-blooded
a: no special abilities


You were on level 2 of the Dungeon.
You visited 1 branch of the dungeon, and saw 3 of its levels.

You collected 48 gold pieces.

Inventory:

Missiles
 b - 3 throwing nets (quivered)
Armour
 a - a +0 hat (worn)
Scrolls
 c - 5 scrolls of identify
 h - a scroll of torment {unknown}
 i - a scroll of enchant weapon {unknown}
 k - a scroll of summoning {unknown}
 l - a scroll of teleportation {unknown}
Potions
 e - 3 potions of lignification {unknown}
 f - 2 potions of heal wounds {unknown}
 g - a potion of ambrosia
 j - a potion of flight {unknown}
 m - a potion of haste {unknown}


   Skills:
 - Level 2.1 Fighting
 - Level 1.7 Throwing
 - Level 2.6 Dodging
 + Level 5.0 Unarmed Combat


You had 3 spell levels left.
You didn't know any spells.
Your spell library contained the following spells:

 Spells                   Type           Power      Damage    Failure   Level
 Apportation              Tloc           0%         N/A       43%         1
 Alistair's Intoxication  Tmut/Pois      0%         N/A       100%        5
 Invisibility             Hex            0%         N/A       100%        6


Dungeon Overview and Level Annotations

Branches:
Dungeon (3/15)

Altars:


Innate Abilities, Weirdness & Mutations

Your plain brown scales are hard. (AC +5)
You cannot fit into any form of body armour.
You are cold-blooded and may be slowed by cold attacks.


Message History

You are poisoned.
The adder poisons you!
The kobold throws a poisoned dart.
The poisoned dart hits you!
You are more poisoned.
You closely miss the adder.
The adder is lightly wounded.
You feel very sick. The adder barely misses you.
The kobold hits you with a +0 dagger.
The kobold throws a poisoned dart.
The poisoned dart hits you.
You are more poisoned.
The adder barely misses you.
You closely miss the kobold.
You feel very sick. The kobold hits you but does no damage.
The adder barely misses you.
Unknown command.
You hit the kobold.
You kill the kobold!
You feel very sick.
The kobold hits you with a +0 short sword.
* * * LOW HITPOINT WARNING * * *
The adder bites you.
* * * LOW HITPOINT WARNING * * *
* * * LOW HITPOINT WARNING * * *
You feel sick. The adder barely misses you.
The kobold hits you with a +0 short sword.
* * * LOW HITPOINT WARNING * * *
There is a stone staircase leading up, spattered with blood here.
Things that are here:
a +0 dagger; a kobold corpse
* * * LOW HITPOINT WARNING * * *
You feel very sick. The adder closely misses you.
The kobold hits you but does no damage.
You climb upwards.
* * * LOW HITPOINT WARNING * * *
You feel sick.
There is a stone staircase leading down here.
It was a potion of degeneration.
There was something very wrong with that liquid.
You feel weakened.
You feel dopey.
You feel clumsy.
You die...

#######'#'####...#.#.#.#..#
#.......#.#.(......#.#.#..# ###
#.........#.##.#..##.#.#..# ..#
#..########.......##.#.#..# #.#
#..# #......รท......#....... #.#
#..# #.####..##.####.#.#.##
#.#####..###.#.....#....##.#...#
#.##...........K#S#####.##.#.#.#
#.#####........#@.......##.###.#
#.......#.###..#######..#......#
#.........# #........#..##..##.#
#.###########.######.#..##...#.##
#................................
..............######.#####.#.#.##
############### #.#####.#.#...
#.......#.#.## #########.#.##


You could see an adder and a kobold.

Vanquished Creatures
  An orc priest (D:1)
  A dart slug (D:2)
  4 orcs (D:2)
  2 ball pythons (D:1)
  7 bats
  4 endoplasms
  5 goblins
  2 hobgoblins
  2 quokkas (D:2)
  2 frilled lizards
  5 kobolds
  3 rats
38 creatures vanquished.

Notes
Turn   | Place    | Note
-------+----------+-------------------------------------------
     0 | D:1      | pkoi the Draconian Gladiator began the quest for the Orb.
     0 | D:1      | Reached XP level 1. HP: 17/17 MP: 1/1
   707 | D:1      | Reached XP level 2. HP: 23/24 MP: 2/2
  1011 | D:1      | Found a faded altar of an unknown god.
  1208 | D:1      | Reached skill level 4 in Unarmed Combat
  1556 | D:2      | Reached XP level 3. HP: 23/29 MP: 3/3
  2084 | D:2      | Reached XP level 4. HP: 36/36 MP: 4/4
  2238 | D:2      | Reached skill level 5 in Unarmed Combat
  2603 | D:2      | HP: 1/36 [poisoned by a kobold]
  2604 | D:2      | Succumbed to a kobold's poison

Illustrated notes

Levels and vault maps discovered:
D:1:      evilmike_arrival_crescent, layout_basic,
          hellmonk_ecumenical_altar_arch_garden, supply_closet_lemuel,
          amethyst_killhole, solitary_fountain, minmay_split_cup_large
D:2:      layout_basic
D:3:      layout_rooms, mainiacjoe_overflow_small_starburst,
          mainiacjoe_overflow_surrounded_room, serial_shops, nicolae_shop_stone,
          grunt_ministairs_13, chequers_arboretum

Skill      XL: |  1  2  3  4 |
---------------+-------------+-----
Unarmed Combat | 4 5 |  5.0
Fighting       | |  2.1
Throwing       | |  1.7
Dodging        | |  2.6

Action                   |  1- 3 |  4- 6 || total
-------------------------+-------+-------++-------
Melee: Unarmed           |   105 |    13 ||   118
       Tailslap          |     7 |       ||     7
       Punch             |     1 |       ||     1
  Use: Scroll            |     3 |       ||     3
       Potion            |       |     1 ||     1
 Stab: Sleeping          |     1 |       ||     1
Armor: Skin              |    41 |     4 ||    45
Dodge: Dodged            |    66 |    14 ||    80
